 Dungeon Crawl Stone Soup version 0.22.1-2-g9c5b331 (webtiles) character file.

411 HoaS the Skirmisher (level 6, -3/40 HPs)
             Began as a Gargoyle Fighter on Dec 24, 2018.
             Killed by nerve-wracking pain
             ... invoked by an orc priest
              (5 damage)
             ... on level 3 of the Dungeon.
             The game lasted 00:06:32 (2908 turns).

HoaS the Skirmisher (Gargoyle Fighter)              Turns: 2908, Time: 00:06:33

Health: -3/40      AC: 14    Str: 22    XL:     6   Next: 90%
Magic:  0/6        EV:  5    Int:  8    God:
Gold:   96         SH:  9    Dex:  9    Spells: 5/5 levels left

rFire    . . .     SeeInvis .   a - +1 flail
rCold    . . .     Gourm    .   c - +0 shield
rNeg     + . .     Faith    .   i - +0 chain mail
rPois    ∞         Spirit   +   (no helmet)
rElec    +         Reflect  .   b - scarf {Spirit}
rCorr    .         Harm     .   (no gloves)
MR       .....                  (no boots)
Stlth    ..........             (no amulet)
HPRegen  0.13/turn              (no ring)
MPRegen  0.10/turn              (no ring)

@: no status effects
A: negative energy resistance 1, electricity resistance, unbreathing,
petrification resistance, rot immunity, AC +4
a: no special abilities


You were on level 3 of the Dungeon.
You were not hungry.

You visited 1 branch of the dungeon, and saw 3 of its levels.

You collected 96 gold pieces.

Inventory:

Hand Weapons
 a - a +1 flail (weapon)
Armour
 b - a scarf of spirit shield (worn)
 c - a +0 shield (worn)
 i - a +0 chain mail (worn)
Wands
 k - a wand of flame (42)
Scrolls
 d - a scroll of identify
 g - 2 scrolls of remove curse
 m - a scroll of blinking
 p - a scroll of teleportation
Potions
 e - 2 potions of agility {unknown}
 h - a potion of berserk rage {unknown}
 j - a potion of magic {unknown}
 l - a potion of lignification {unknown}
 o - a potion of flight {unknown}
Comestibles
 f - 4 rations
 n - 3 chunks of flesh


   Skills:
 * Level 5.4 Fighting
 * Level 4.3 Maces & Flails
 + Level 4.5 Armour
 + Level 4.4 Shields


You had 5 spell levels left.
You didn't know any spells.
Your spell library was empty.

Dungeon Overview and Level Annotations

Branches:
Dungeon (3/15)

Altars:
Ru
Sif Muna


Innate Abilities, Weirdness & Mutations

You are resistant to torment.
Your stone body is resilient. (AC +4)
You are immune to poison.
You resist negative energy. (rN+)
You are resistant to electric shocks. (rElec)
You can survive without breathing.
You are immune to petrification.
You are immune to rotting.


Message History

You block the orc warrior's attack.
The orc priest invokes the aid of Beogh against you.
Beogh smites you!
* * * LOW HITPOINT WARNING * * *
You hit the orc warrior.
The orc warrior is severely wounded.
The orc warrior hits you but does no damage.
You thump the orc warrior!
You kill the orc warrior!
Okay, then.
You closely miss the orc priest.
The orc priest hits you but does no damage.
You sock the orc priest!
The orc priest is heavily wounded.
The orc priest calls down the wrath of Beogh upon you.
Pain shoots through your body!
* * * LOW HITPOINT WARNING * * *
The orc priest mumbles some strange prayers to Beogh against you.
Pain shoots through your body!
You die...

####.#
#######.#
.....#
#.......#
######
#.#######
#.# #>#
#.# #)#
#.# #@#
#o#
g.......#
#########


You could see an orc priest.

Vanquished Creatures
  An orc warrior (D:3)
  An ogre (D:2)
  2 orc priests
  An orc wizard (D:2)
  Jessica (D:3)
  4 adders
  2 worms (D:2)
  2 leopard geckos
  2 orcs
  4 bats
  6 giant cockroaches
  12 goblins
  7 hobgoblins
  6 jackals
  8 kobolds
  A quokka (D:2)
  2 ball pythons
  3 frilled lizards
  4 rats
69 creatures vanquished.

Notes
Turn   | Place    | Note
-------+----------+-------------------------------------------
     0 | D:1      | HoaS the Gargoyle Fighter began the quest for the Orb.
     0 | D:1      | Reached XP level 1. HP: 14/14 MP: 1/1
    79 | D:1      | Reached XP level 2. HP: 18/19 MP: 2/2
   321 | D:1      | Reached XP level 3. HP: 24/24 MP: 3/3
   963 | D:2      | Noticed an ogre
   969 | D:2      | Killed an ogre
   969 | D:2      | Reached skill level 4 in Fighting
   969 | D:2      | Reached XP level 4. HP: 4/30 MP: 4/4
   969 | D:2      | Reached XP level 5. HP: 5/34 MP: 5/5
  1423 | D:2      | Found a deep blue altar of Sif Muna.
  1423 | D:2      | Found a sacrificial altar of Ru.
  1820 | D:2      | Found a faded altar of an unknown god.
  2090 | D:2      | Reached XP level 6. HP: 30/40 MP: 6/6
  2594 | D:3      | Reached skill level 5 in Fighting
  2663 | D:3      | Noticed Jessica
  2669 | D:3      | Killed Jessica
  2895 | D:3      | Noticed an orc warrior
  2906 | D:3      | Killed an orc warrior
  2908 | D:3      | HP: 2/40 [orc priest/nerve-wracking pain (6)]
  2908 | D:3      | Killed from afar by an orc priest

Skill      XL: |  1  2  3  4  5  6 |
---------------+-------------------+-----
Fighting       | 4 5 |  5.4
Maces & Flails | 3 4 |  4.3
Armour         | 4 |  4.5
Shields        | 4 |  4.4

Action                   |  1- 3 |  4- 6 || total
-------------------------+-------+-------++-------
Melee: Flail             |   113 |   206 ||   319
  Use: Scroll            |     4 |     3 ||     7
       Potion            |     1 |       ||     1
  Eat: Chunk             |       |     7 ||     7
Armor: Scale mail        |    56 |       ||    56
       Chain mail        |    12 |   120 ||   132
Dodge: Dodged            |    32 |    32 ||    64
Block: Shield            |    74 |   111 ||   185
